 Dungeon Crawl Stone Soup version 0.21-a0-349-g0c35859 (webtiles) character file.

88 Dfrag the Firebug (level 4, 21/45 HPs)
             Began as a Demonspawn Fire Elementalist on Oct 7, 2017.
             Quit the game on level 3 of the Dungeon.
             The game lasted 00:03:33 (2194 turns).

Dfrag the Firebug (Demonspawn Fire Elementalist)    Turns: 2194, Time: 00:03:33

Health: 21/45      AC: 22    Str:  7 (8)  XL:     4   Next: 30%
Magic:  2/8        EV:  2    Int: 23      God:
Gold:   87         SH:  0    Dex: 12 (13) Spells: 8/9 levels left

rFire    . . .     SeeInvis .   (no weapon)
rCold    . . .     Gourm    .   (no shield)
rNeg     + + +     Faith    .   (armour currently unavailable)
rPois    +         Spirit   .   (helmet currently unavailable)
rElec    .         Reflect  .   (cloak currently unavailable)
rCorr    .         Harm     .   (gloves currently unavailable)
MR       .....     NoTele   +   (boots currently unavailable)
Stlth    +++.......             (no amulet)
HPRegen  0.15/turn              (no ring)
MPRegen  0.11/turn              (no ring)

@: brilliant, tree-form, hasted, very quick
A: nightstalker 1, flame cloud immunity
a: no special abilities


You were on level 3 of the Dungeon.
You were very hungry.
You were a tree.
You visited 1 branch of the dungeon, and saw 3 of its levels.

You collected 87 gold pieces.

Inventory:

Armour
 a - a +0 robe
 j - a cursed +0 robe (melded)
 p - a cursed +0 helmet (melded)
Scrolls
 g - 2 scrolls of teleportation {unknown}
 i - a scroll of identify {unknown}
 l - 2 scrolls of enchant armour {unknown}
 n - a scroll of amnesia {unknown}
 o - a scroll of blinking {unknown}
Potions
 f - 3 potions of curing
Books
 b - a book of Flames

   Spells                             Type                      Level
   a - Flame Tongue                   Conjuration/Fire             1
   b - Throw Flame                    Conjuration/Fire             2
   c - Conjure Flame                  Conjuration/Fire             3
   d - Inner Flame                    Hexes/Fire                   3
   e - Sticky Flame                   Conjuration/Fire             4
   f - Fireball                       Conjuration/Fire             5
Comestibles
 c - 3 bread rations
 d - a meat ration


   Skills:
 + Level 0.1 Fighting
 - Level 1.7 Dodging
 - Level 1.7 Stealth
 + Level 0.6 Unarmed Combat
 + Level 3.0 Spellcasting
 + Level 1.5 Conjurations
 + Level 3.6 Fire Magic


You had 8 spell levels left.
You knew the following spells:

 Your Spells              Type           Power        Failure   Level  Hunger
a - Flame Tongue          Conj/Fire      ####.        1%          1    None


Dungeon Overview and Level Annotations

Branches:
Dungeon (3/15)

Altars:


Innate Abilities, Weirdness & Mutations

((Your flesh is heat resistant. (rF+)))
You are slightly more attuned to the shadows.
You are immune to clouds of flame.


Message History

You hit Terence but do no damage.
Terence is severely wounded.
Terence looks scornfully at you. Terence completely misses you.
You smack Terence!
You kill Terence!
You feel your intelligence returning.
Your Spellcasting skill increases to level 3!
You have reached level 4!
You feel clever.
Your demonic ancestry asserts itself...
You slip into the darkness of the dungeon.
You hit the goblin.
The goblin is almost dead.
You smack the goblin!
You kill the goblin!
You cannot move.
You cannot move.
Okay, then.
Unknown command.
Are you sure you want to abandon this character and quit the game? (Confirm with "yes".)

.. ..# ##......# ..
..# #.#...#.# .( #.#
##.#.##.# .. #.##.
##..##.# .#.##.
##.##.#
......######.##.#
.>........[...#.#
...##...####.#.###..
......#...)♣.#......
...##...####......).
.. ##.## #.####.#.
#.# #.# #. #.# #.#
#.# # #####g# #.#
#.# # #.#.....# #.#
#.# #.#.#g#####
#.####.####
#......## #.........


There were no monsters in sight!

Vanquished Creatures
  Terence (D:3)
  2 adders (D:2)
  2 worms (D:2)
  A ball python (D:2)
  3 giant cockroaches (D:1)
  10 hobgoblins
  7 bats
  5 frilled lizards
  3 goblins
  2 kobolds
  7 rats
43 creatures vanquished.

Notes
Turn   | Place    | Note
-------+----------+-------------------------------------------
     0 | D:1      | Dfrag the Demonspawn Fire Elementalist began the quest for the Orb.
     0 | D:1      | Reached XP level 1. HP: 13/13 MP: 3/3
   193 | D:1      | Gained mutation: Your flesh is heat resistant. (rF+) [demonic ancestry]
   193 | D:1      | Reached XP level 2. HP: 15/19 MP: 3/5
   827 | D:2      | Gained mutation: You are immune to clouds of flame. [demonic ancestry]
   827 | D:2      | Reached XP level 3. HP: 24/24 MP: 0/6
   877 | D:2      | HP: 1/24 [worm (11)]
  2102 | D:3      | Noticed Terence
  2191 | D:3      | Killed Terence
  2191 | D:3      | Gained mutation: You are slightly more attuned to the shadows. [demonic ancestry]
  2191 | D:3      | Reached XP level 4. HP: 21/30 MP: 1/8
  2194 | D:3      | Quit the game

Vault maps used:
D:1:      dpeg_arrival_renting
D:3:      overflow_temple_1_default, cheibrodos_ashenzari_chains, uniq_terence

Skill      XL: |  1  2  3 |
---------------+----------+-----
Fire Magic     | 3 |  3.6
Spellcasting   | 3 |  3.0
Fighting       | |  0.1
Dodging        | |  1.7
Stealth        | |  1.7
Unarmed Combat | |  0.6
Conjurations   | |  1.5

Action                   |  1- 3 |  4- 6 || total
-------------------------+-------+-------++-------
Melee: Unarmed           |    56 |     2 ||    58
 Cast: Flame Tongue      |    85 |       ||    85
  Use: Potion            |     6 |       ||     6
  Eat: Chunk             |     3 |       ||     3
Armor: Robe              |    18 |       ||    18
       Skin              |     5 |       ||     5
Dodge: Dodged            |    51 |       ||    51

Table legend:
 A = Spawn XP
 B = Non-spawn XP
 C = Spawn XP percentage of total XP
 D = Spawn monster count
 E = Non-spawn monster count
 F = Spawn count percentage of total count
 G = Total turns spent on level
                    A         B        C        D         E        F      G
               +---------+---------+-------+---------+---------+-------+---------
         Total |       0 |     127 |   0.0 |       0 |      43 |   0.0 |  2194
               +---------+---------+-------+---------+---------+-------+---------
           D:1 |       0 |      23 |   0.0 |       0 |      16 |   0.0 |   743
           D:2 |       0 |      61 |   0.0 |       0 |      22 |   0.0 |  1251
           D:3 |       0 |      43 |   0.0 |       0 |       5 |   0.0 |   200
               +---------+---------+-------+---------+---------+-------+---------
